Map: Ulrena

Players

TTS - Winner!

  • Race: Protoss Protoss
  • League: Platinum

Loser

  • Race: Terran Terran
  • League: Master

VOD

Have the link to the VOD?

Description

Time

  • Played on: Feb. 24, 2016, 1:10 a.m.
  • Length: 6:11
Show
View Real Time Build Order
Export as new Build Order

TTS Protoss - Winner!

Build Orders:  

Get SALT Encoding   

  12  0:01  Probe (Chrono Boost)  
  13  0:11  Probe (Chrono Boost)  
  14  0:19  Pylon  
  14  0:25  Probe (Chrono Boost)  
  15  0:37  Probe (Chrono Boost)  
  15  0:38  Gateway  
  16  0:47  Probe (Chrono Boost)  
  16  0:49  Assimilator  
  17  0:51  Assimilator  
  17  0:59  Probe (Chrono Boost)  
  18  1:10  Probe (Chrono Boost)  
  19  1:15  Pylon  
  19  1:20  Probe (Chrono Boost)  
  20  1:27  Cybernetics Core  
  20  1:31  Probe (Chrono Boost)  
  21  1:41  Probe (Chrono Boost)  
  22  1:52  Probe (Chrono Boost)  
  23  2:03  Warp Gate (Chrono Boost)  
  23  2:04  Robotics Facility  
  23  2:05  Adept  
  25  2:23  Gateway  
  25  2:24  Gateway  
  25  2:30  Gateway  
  25  2:39  Pylon  
  25  2:51  Warp Prism (Chrono Boost)  
  27  3:04  Mothership Core  
  29  4:03  Adept x4  
  31  4:18  Warp Prism (Chrono Boost)  
  25  4:25  Adept x4  
  33  4:33  Pylon  
  33  4:47  Nexus  
  33  4:51  Observer (Chrono Boost)  
  34  4:56  Probe  
  35  5:07  Pylon  
  35  5:08  Probe  
  35  5:10  Observer (Chrono Boost)  
  37  5:18  Adept x4  
  37  5:41  Adept x4  
  35  6:06  Adept x4  
Show
View Real Time Build Order
Export as new Build Order

Loser Terran 

Build Orders: Reaper Expand 

Get SALT Encoding   

  12  0:01  SCV  
  13  0:13  SCV  
  14  0:17  Supply Depot  
  14  0:25  SCV  
  15  0:39  SCV  
  15  0:41  Barracks  
  16  0:46  Refinery  
  16  0:51  SCV  
  17  1:03  SCV  
  18  1:15  SCV  
  19  1:28  Orbital Command  
  19  1:30  Reaper  
  20  1:44  Command Center  
  20  1:54  SCV  
  20  1:56  Supply Depot  
  21  2:06  SCV  
  22  2:09  Barracks Reactor  
  22  2:14  Barracks  
  22  2:18  SCV  
  23  2:28  Factory  
  23  2:44  Barracks  
  22  2:45  Bunker  
  22  2:47  Marine x2  
  22  2:50  Bunker  
  24  2:53  SCV  
  25  3:02  Orbital Command  
  25  3:04  Barracks Tech Lab  
  25  3:09  SCV, Marine  
  27  3:17  Marine  
  27  3:23  Barracks  
  27  3:24  Marine  
  27  3:27  SCV  
  29  3:29  SCV  
  29  3:33  Marine  
  31  3:38  Stimpack  
  31  3:39  SCV  
  31  3:40  Widow Mine  
  34  3:43  SCV  
  34  3:45  Marine  
  36  3:50  Supply Depot  
  36  3:53  Marine x2  
  38  3:57  Marine  
  39  4:03  SCV, Marine  
  39  4:08  Widow Mine  
  32  4:18  Marine  
  30  4:34  Marine x2  
  30  4:35  Marine  
  33  4:46  Refinery  
  33  4:47  Marine x2  
  33  4:51  SCV  
  36  4:55  SCV  
  37  5:03  SCV  
  37  5:04  Factory Reactor  
  37  5:05  Starport  
  38  5:07  Marine  
  38  5:09  SCV  
  40  5:15  SCV  
  39  5:24  Marine  
  18  5:51  Marine x2  
Tags
 
Add a new tag
Caveats
  • Supply blocks, unpowered buildings, or Contaminate may cause inaccurate times.
  • Supply counts are checked every 10 seconds.